 Dungeon Crawl Stone Soup version 0.30.0-5-g1a98f26d00 (webtiles) character file.

Game seed: 4698315648945976372

54 Rrauwl the Ruffian (level 3, -12/37 HPs)
             Began as a Troll Monk on May 8, 2023.
             Mangled by a gnoll
             ... wielding a +2 whip of electrocution
              (20 damage)
             ... on level 2 of the Dungeon.
             The game lasted 00:03:33 (968 turns).

Rrauwl the Ruffian (Troll Monk)                      Turns: 968, Time: 00:03:34

Health: -12/37     AC:  4    Str: 21    XL:     3   Next: 66%
Magic:  2/2        EV: 10    Int:  6    God:
Gold:   77         SH:  0    Dex: 12    Spells: 2/2 levels left

rFire   . .          .
                       - Unarmed
rCold   . . .        c - orb {light}
rNeg    . . .        a - +0 robe
rPois   .            (helmet restricted)
rElec   .            i - scarf {repulsion}
rCorr   .            (gloves unavailable)
SInv    .            (boots unavailable)
Will    .....        (no amulet)
Stlth   +            (no ring)
HPRegen 1.06/turn    (no ring)
MPRegen 0.08/turn

%: repel missiles
@: glowing
A: large, unfitting armour, claws 3, regeneration 1, shaggy fur 1, tough skin 1
a: no special abilities


You were on level 2 of the Dungeon.
You visited 1 branch of the dungeon, and saw 3 of its levels.

You collected 116 gold pieces.
You spent 39 gold pieces at shops.

Inventory:

Missiles
 k - 5 large rocks (quivered)
 n - 2 silver boomerangs
Armour
 a - a +0 robe (worn)
 c - an orb of light (worn)
 i - a scarf of repulsion (worn)
Scrolls
 d - 6 scrolls of identify {unknown}
 g - 2 scrolls of teleportation {unknown}
 h - a scroll of acquirement {unknown}
 j - a scroll of fog {unknown}
 m - a scroll of vulnerability {unknown}
Potions
 b - a potion of ambrosia
 f - 2 potions of degeneration {unknown}
 l - 3 potions of brilliance {unknown}
 o - a potion of mutation {unknown}
 p - a potion of flight {unknown}


   Skills:
 - Level 3.0 Fighting
 - Level 3.0 Dodging
 + Level 3.6 Unarmed Combat


You had 2 spell levels left.
You didn't know any spells.
Your spell library was empty.

Dungeon Overview and Level Annotations

Branches:
Dungeon (3/15)

Altars:

Shops:
D:1 *?!


Innate Abilities, Weirdness & Mutations

You are too large for most types of armour.
You have claws for hands.
Your natural rate of healing is unusually fast.
You are covered in fur. (AC +1)
You have tough skin. (AC +1)


Message History

Your Dodging skill increases to level 3!
No target in view!
HP restored.
There is a stone staircase leading down here.
A bat comes into view.
The bat closely misses you.
You claw the bat!
You kill the bat!
You see here a bat corpse.
You see here a bat corpse.
Done exploring.
Done exploring.
(D) Dungeon
Where to? (Enter - D:2, ? - help)
There is a stone staircase leading down here.
You climb downwards.
The gnoll shouts! x4; The goblin shouts!
Found a scroll labelled TUROFO IFABA and a potion of curing.
There is a stone staircase leading up here.
There are monsters nearby!
An endoplasm comes into view.
The endoplasm quivers.
The bat hits you.
HP restored.
The bat closely misses you. The bat hits you but does no damage.
The gnoll hits you with a +2 whip of electrocution!
You climb upwards.
There is a stone staircase leading down here.
You barely miss the gnoll.
The gnoll hits you with a +2 whip of electrocution!
You are electrocuted!!
Ouch! That really hurt!
* * * LOW HITPOINT WARNING * * *
Okay, then.
You aren't carrying any items that you can evoke.
You feel better.
The gnoll hits you with a +2 whip of electrocution.
* * * LOW HITPOINT WARNING * * *
You are electrocuted!!
Ouch! That really hurt!
You die...

#...# #...>..... #...#
#......<## #...#
#.....††## #...#
#.....†.# #...####
#......)##
#....†.#######.........
#...##.................
#...##.g..######..#.###
#...##@....####..##.###
#...##................#
######....#.###.###.#.#
##.....#.........#..
#.............##...#
##.).................
#.....)........#####.
##.............#####.
#....†...........).)


You could see a gnoll.

Vanquished Creatures
  2 adders (D:2)
  A dart slug (D:1)
  4 ball pythons
  5 endoplasms
  A goblin (D:2)
  3 hobgoblins
  2 jackals (D:1)
  A quokka (D:1)
  2 bats
  6 frilled lizards (D:2)
  6 kobolds
  2 rats (D:1)
35 creatures vanquished.

Notes
Turn   | Place    | Note
-------+----------+-------------------------------------------
     0 | D:1      | Rrauwl the Troll Monk began the quest for the Orb.
     0 | D:1      | Reached XP level 1. HP: 22/22 MP: 0/0
    40 | D:1      | Found Husuxagot's General Store.
    60 | D:1      | Found Etoxal's Distillery.
    61 | D:1      | Found a faded altar of an unknown god.
    92 | D:1      | Bought a potion of curing for 39 gold pieces
   105 | D:1      | Reached XP level 2. HP: 29/29 MP: 1/1
   109 | D:1      | Found Ekeklur's Magic Scroll Emporium.
   599 | D:2      | Reached XP level 3. HP: 36/36 MP: 2/2
   968 | D:2      | Mangled by a gnoll

Illustrated notes

Levels and vault maps discovered:
D:1:      nzn_arrival_depleted_hourglass, layout_basic, serial_shops, shop,
          shop, nicolae_shop_hallway_stairs, ebering_ecumenical_altar_rust,
          chequers_serial_rivers_micro_e
D:2:      layout_rooms, minmay_lizard_pond
D:3:      layout_basic, mainiacjoe_overflow_small_starburst,
          mainiacjoe_overflow_swirl, serial_shops,
          nicolae_shop_bloodbath_and_beyond, uniq_ijyb

Skill      XL: |  1  2  3 |
---------------+----------+-----
Fighting       | 3 |  3.0
Dodging        | 3 |  3.0
Unarmed Combat | |  3.6

Action                     || total
---------------------------++-------
  Melee: Unarmed           ||    69
    Use: Potion            ||     1
 Armour: Robe              ||    19
  Dodge: Dodged            ||    29
